 Dungeon Crawl Stone Soup version 0.17-a0-1105-gbe8b664 (webtiles) character file.

39 Perunarutto the Firebug (level 3, -4/24 HPs)
             Began as a Demonspawn Fire Elementalist on May 21, 2015.
             Slain by HeyJoe's ghost (12 damage)
             ... on level 3 of the Dungeon.
             The game lasted 00:13:25 (1002 turns).

Perunarutto the Firebug (DsFE)                      Turns: 1002, Time: 00:13:26

Health: -4/24      AC:  2    Str:  8    XL:     3   Next: 26%
Magic:  4/6        EV:  7    Int: 17    God:
Gold:   50         SH:  0    Dex: 13    Spells: 3 memorised, 0 levels left

rFire  . . .     SeeInvis .     f - +2 dagger (drain)
rCold  . . .     Clarity  .     a - +0 robe
rNeg   . . .     SustAb   .     (no shield)
rPois  .         Gourm    .     (helmet restricted)
rElec  .         Spirit   .     (no cloak)
rCorr  .         Warding  .     (no gloves)
rMut   .         Stasis   .     (no boots)
MR     .....                    (no amulet)
Stlth  ++........               (no ring)
                                (no ring)

@: not resistant to hostile enchantments, unstealthy
A: antennae 1
a: no special abilities


You were on level 3 of the Dungeon.
You were not hungry.

You visited 1 branch of the dungeon, and saw 3 of its levels.

You collected 50 gold pieces.

Inventory:

Hand weapons
 d - a +0 dagger
 f - a +2 dagger of draining (weapon)
Armour
 a - a +0 robe (worn)
Scrolls
 e - a scroll of remove curse {unknown}
 i - a scroll of teleportation {unknown}
Potions
 h - a potion of curing {unknown}
Books
 b - a book of Flames

   Spells                             Type                      Level
   a - Flame Tongue                   Conjuration/Fire             1
   b - Throw Flame                    Conjuration/Fire             2
   c - Conjure Flame                  Conjuration/Fire             3
   d - Inner Flame                    Hexes/Fire                   3
   e - Sticky Flame                   Conjuration/Fire             4
   f - Fireball                       Conjuration/Fire             5
Comestibles
 c - 2 bread rations
 g - a beef jerky


   Skills:
 + Level 2.1 Dodging
 + Level 2.0 Stealth
 + Level 2.4 Spellcasting
 + Level 1.2 Conjurations
 + Level 3.2 Fire Magic


You couldn't memorise any spells.
You knew the following spells:

 Your Spells              Type           Power        Failure   Level  Hunger
a - Flame Tongue          Conj/Fire      #....        10%         1    #......
b - Conjure Flame         Conj/Fire      #.......     24%         3    ###....
c - Throw Flame           Conj/Fire      #.....       14%         2    ##.....


Dungeon Overview and Level Annotations

Branches:
Dungeon (3/15)

Altars:
Kikubaaqudgha
Qazlal
Sif Muna
Trog

Annotations:
D:3 HeyJoe's ghost, average DDBe; Terence


Innate Abilities, Weirdness & Mutations

You have a pair of small antennae on your head.


Message History

You kill the hobgoblin!
You barely miss HeyJoe's ghost. HeyJoe's ghost hits you.
You hit HeyJoe's ghost but do no damage.
HeyJoe's ghost hits you!
* * * LOW HITPOINT WARNING * * *
You see here a robe.
HeyJoe's ghost says, "You will never get the ORB!"
HeyJoe's ghost screams, "You must not succeed where I failed!"
Found an escape hatch in the floor.
A giant newt comes into view.
Found a ring mail.
Terence the Incautious comes into view.
He is wielding a mace.
Terence shouts!
The giant newt barely misses you.
There is an escape hatch in the floor here.
Terence shouts, "DIE!!!"
HeyJoe's ghost mumbles, "They all look like pillowcases to me..."
HeyJoe's ghost hits you!
Ouch! That really hurt!
You die...

##########
.........#
.........#
...[.....#
....@....#
.........#
.......@.#
......lW.#
.........#
.........#
.........#
.........#
.........###########
...................#
###+##.###########.#


You could see Terence, HeyJoe's ghost and a giant newt.

Vanquished Creatures
  2 adders (D:2)
  An ooze (D:2)
  A giant cockroach (D:1)
  3 goblins
  3 hobgoblins
  5 bats
  A giant newt (D:2)
  A kobold (D:1)
  A rat (D:2)
18 creatures vanquished.

Notes
Turn   | Place    | Note
--------------------------------------------------------------
     0 | D:1      | Perunarutto the Demonspawn Fire Elementalist began the quest for the Orb.
     0 | D:1      | Reached XP level 1. HP: 13/13 MP: 3/3
   211 | D:1      | Reached skill level 3 in Fire Magic
   235 | D:1      | Gained mutation: You have a pair of small antennae on your head. [demonic ancestry]
   235 | D:1      | Reached XP level 2. HP: 13/19 MP: 3/5
   551 | D:2      | Reached XP level 3. HP: 15/24 MP: 0/6
   817 | D:2      | Learned a level 3 spell: Conjure Flame
   820 | D:2      | Learned a level 2 spell: Throw Flame
   968 | D:3      | Found a stormy altar of Qazlal.
   969 | D:3      | Found a bloodstained altar of Trog.
   970 | D:3      | Found a deep blue altar of Sif Muna.
   970 | D:3      | Found an ancient bone altar of Kikubaaqudgha.
   970 | D:3      | Noticed HeyJoe's ghost (average DDBe)
   998 | D:3      | Noticed Terence
  1002 | D:3      | Slain by HeyJoe's ghost

Vault maps used:
D:1:      evilmike_arrival_run_for_it
D:2:      serial_forest, infiniplex_forest_end_double,
          infiniplex_forest_lined_ring, infiniplex_forest_clump_C,
          infiniplex_forest_clump_curved, infiniplex_forest_clump_diagonal,
          first_bread
D:3:      grunt_temple_overflow_open, nemelex_diamond_rough_becter, uniq_terence

Action                   || total
-------------------------++-------
Melee: Dagger            ||    30
 Cast: Flame Tongue      ||    27
       Throw Flame       ||     2
       Conjure Flame     ||     1
  Eat: Bread ration      ||     1
